 Dungeon Crawl Stone Soup version 0.18.1-48-g4cf74bf (webtiles) character file.

259 tyranidshit the Grave Robber (level 5, 0/50 HPs)
             Began as a Deep Dwarf Necromancer on July 12, 2016.
             Was a Follower of Makhleb.
             Killed from afar by a battlesphere (13 damage)
             ... created by Galewind's ghost
             ... on level 4 of the Dungeon.
             The game lasted 00:11:24 (2025 turns).

tyranidshit the Grave Robber (DDNe)                 Turns: 2025, Time: 00:11:25

Health: 0/50       AC:  5    Str: 11      XL:     5   Next: 95%
Magic:  10/10      EV:  7    Int: 16 (17) God:    Makhleb [*.....]
Gold:   138        SH:  0    Dex: 12 (13) Spells: 2 memorised, 7 levels left

rFire  . . .     SeeInvis .     g - +0 blowgun
rCold  . . .     Gourm    .     a - +0 robe
rNeg   . . .     Faith    .     (no shield)
rPois  .         Spirit   .     (no helmet)
rElec  .         Dismiss  .     (no cloak)
rCorr  .         Reflect  .     (no gloves)
SustAt .         Harm     .     (no boots)
MR     +....     Clarity  +     (no amulet)
Stlth  ++........               (no ring)
                                i - +3 ring of protection

@: non-regenerating, somewhat resistant to hostile enchantments, unstealthy
A: damage resistance, recharge devices, talons 1, clarity, magic resistance 1,
sense surroundings 1, slow regeneration 3
a: Device Recharging, Renounce Religion


You were on level 4 of the Dungeon.
You worshipped Makhleb.
Makhleb was aware of your devotion.
You were hungry.

You visited 1 branch of the dungeon, and saw 4 of its levels.

You collected 138 gold pieces.

Inventory:

Hand Weapons
 e - a +0 club
 f - a +1 dagger of electrocution
 g - a +0 blowgun (weapon)
Missiles
 h - 12 poisoned needles (quivered)
Armour
 a - a +0 robe (worn)
Jewellery
 i - a +3 ring of protection (left hand)
Wands
 c - a wand of heal wounds (8/9)
Scrolls
 j - 3 scrolls of magic mapping
Potions
 l - a potion of curing
Books
 b - a book of Necromancy

   Spells                             Type                      Level
   a - Pain                           Necromancy                   1
   b - Animate Skeleton               Necromancy                   1
   c - Vampiric Draining              Necromancy                   3
   d - Regeneration                   Charms/Necromancy            3
   e - Animate Dead                   Necromancy                   4
   f - Control Undead                 Necromancy                   4
Comestibles
 d - 2 bread rations
 k - a slice of pizza


   Skills:
 + Level 3.7 Fighting
 - Level 2.1 Dodging
 - Level 2.4 Stealth
 + Level 3.8 Spellcasting
 - Level 4.3 Necromancy


You had 7 spell levels left.
You knew the following spells:

 Your Spells              Type           Power        Failure   Level  Hunger
a - Pain                  Necr           ###.         3%          1    None
b - Vampiric Draining     Necr           ###.......   12%         3    ###....


Dungeon Overview and Level Annotations

Branches:
Dungeon (4/15)
 Temple: D:4-7

Altars:
Gozag
Makhleb
Okawaru
Ru

Annotations:
D:4 Galewind's ghost, novice DECj


Innate Abilities, Weirdness & Mutations

You are resistant to damage.
You can recharge devices by infusing magical energy.
You passively map a small area around you.
You do not regenerate naturally.
You have sharp toenails.
You possess an exceptional clarity of mind.
You are resistant to hostile enchantments.


Message History

Galewind's ghost (novice Deep Elf Conjurer) comes into view.
It is wielding a weapon of electrocution.
Galewind's ghost casts a spell at you. The magic dart hits you!
You open the door.
Found a club.
There is an open door here.
Galewind's ghost says, "I have plenty of time to study, now."
You see here a club.
You open the door. Galewind's ghost hits you.
Galewind's ghost mumbles some strange words.
Galewind's ghost conjures a globe of magical energy!
A battlesphere comes into view.
There is an open door here.
Galewind's ghost hits you.
You are electrocuted!
There is a stone staircase leading down here.
Galewind's ghost casts a spell at you. The magic dart hits you!
* * * LOW HITPOINT WARNING * * *
The battlesphere fires!
The barrage of energy hits you!
You die...

* * ##.......... ,, ##...##...#
** ##.####### * * ### #.# , ..#
#.# , * #.# ##'## * , #.#
##...## ### # ##.# ##.....##
#.###.# #####.@## ##.......#
...##.#####.....*W###.).......#*
.................[..'.........+
,
....#.##.##.##....###.........#
#.#.#.##.##.##..#.# ##.......##
###.#.##.##.##.##.# ##.....##
......##.##.......# ##...##
###.####.#####.#### #+## # #.#
#.# #.# #.#


You could see a battlesphere and Galewind's ghost.

Vanquished Creatures
  A crimson imp (D:3)
  A giant frog zombie (D:3)
  A centaur skeleton (D:4)
  Terence (D:3)
  A worker ant (D:4)
  Natasha (D:2)
  4 adders
  A dart slug (D:1)
  2 giant geckos
  An orc (D:4)
  2 bats
  3 giant cockroaches
  4 goblins
  8 hobgoblins
  A quokka (D:3)
  A ball python (D:2)
  3 giant newts (D:3)
  11 kobolds
  5 rats
52 creatures vanquished.

Notes
Turn   | Place    | Note
--------------------------------------------------------------
     0 | D:1      | tyranidshit the Deep Dwarf Necromancer began the quest for the Orb.
     0 | D:1      | Reached XP level 1. HP: 15/15 MP: 3/3
   452 | D:1      | Reached XP level 2. HP: 10/24 MP: 0/5
   546 | D:1      | Reached skill level 1 in Fighting
   724 | D:2      | Reached XP level 3. HP: 28/32 MP: 1/6
   729 | D:2      | Learned a level 3 spell: Vampiric Draining
   746 | D:2      | Found a burning altar of Makhleb.
   751 | D:2      | Found an iron altar of Okawaru.
   752 | D:2      | Became a worshipper of Makhleb the Destroyer
   976 | D:2      | Noticed Natasha
   986 | D:2      | Killed Natasha
  1003 | D:2      | Reached XP level 4. HP: 20/39 MP: 0/8
  1055 | D:2      | Found an opulent altar of Gozag.
  1190 | D:3      | Found a sacrificial altar of Ru.
  1262 | D:3      | Found a faded altar to an unknown god.
  1475 | D:3      | Reached * piety under Makhleb
  1554 | D:3      | Reached XP level 5. HP: 41/49 MP: 9/9
  1559 | D:3      | Gained mutation: You are resistant to hostile enchantments. [potion of mutation]
  1559 | D:3      | Gained mutation: You have sharp toenails. [potion of mutation]
  1559 | D:3      | Gained mutation: You possess an exceptional clarity of mind. [potion of mutation]
  1607 | D:3      | Noticed Terence
  1620 | D:3      | Killed Terence
  2006 | D:4      | Noticed Galewind's ghost (novice DECj)
  2025 | D:4      | Killed from afar by a battlesphere

Skill      XL: |  1  2  3  4 |
---------------+-------------+-----
Spellcasting   | 2 3 |  3.8
Fighting       | 1 2 3 |  3.7
Dodging        | |  2.1
Stealth        | |  2.4
Necromancy     | |  4.3

Action                   |  1- 3 |  4- 6 || total
-------------------------+-------+-------++-------
Melee: Dagger            |    55 |    72 ||   127
       Kick              |       |     5 ||     5
 Cast: Pain              |    25 |     7 ||    32
       Vampiric Draining |     2 |     7 ||     9
Evoke: Wand              |     1 |     1 ||     2
  Use: Scroll            |     2 |     2 ||     4
       Potion            |       |     7 ||     7
 Stab: Sleeping          |     4 |     5 ||     9
  Eat: Meat ration       |     1 |       ||     1
Armor: Robe              |    21 |    17 ||    38
Dodge: Dodged            |    53 |    58 ||   111
